 Dungeon Crawl Stone Soup version 0.31.0-4-g52a2dc7128 (webtiles) character file.

Game seed: 4639844394232021617

22 Xavori the Trooper (level 2, -1/16 HPs)
             Began as a Vine Stalker Chaos Knight on Jan 22, 2024.
             Was a Plaything of Xom.
             Slain by Sigmund
             ... wielding a +0 scythe
              (8 damage)
             ... on level 2 of the Dungeon.
             The game lasted 00:01:14 (982 turns).

Xavori the Trooper (Vine Stalker Chaos Knight)       Turns: 982, Time: 00:01:14

Health: -1/16      AC:  6    Str: 14    XL:     2   Next: 91%
Magic:  0/3        EV: 11    Int: 12    God:    Xom [..*...]
Gold:   37         SH:  0    Dex: 13    Spells: 1/1 levels left

rFire   . . .        a - +0 short sword (chaos)
rCold   . . .        (no shield)
rNeg    . . .        b - +2 leather armour
rPois   .            (no helmet)
rElec   .            (no cloak)
rCorr   .            i - +0 pair of gloves
SInv    .            (no boots)
Will    .....        (no amulet)
Stlth   +            (no ring)
HPRegen 1.02/turn    (no ring)
MPRegen 0.08/turn

%: guardian spirit
@: no status effects
A: fangs 2, regeneration 1, magic shield, antimagic bite, no potion heal 2
a: Renounce Religion


You were on level 2 of the Dungeon.
You worshipped Xom.
You were a toy of Xom.
You visited 1 branch of the dungeon, and saw 2 of its levels.

You collected 37 gold pieces.

Inventory:

Hand Weapons
 a - a +0 short sword of chaos (weapon)
Armour
 b - a +2 leather armour (worn)
 i - a +0 pair of gloves (worn)
Jewellery
 j - a ring of fire
Scrolls
 c - a scroll of butterflies
 d - a scroll of identify {unknown}
 e - a scroll of enchant weapon {unknown}
 h - a scroll of teleportation {unknown}
 k - a scroll of fear {unknown}
 l - a scroll of silence {unknown}
Potions
 f - 3 potions of might {unknown}
 g - a potion of heal wounds {unknown}


   Skills:
 + Level 3.1 Fighting
 + Level 3.1 Short Blades
 + Level 1.6 Armour
 + Level 0.9 Dodging


You had one spell level left.
You didn't know any spells.
Your spell library was empty.

Dungeon Overview and Level Annotations

Branches:
Dungeon (2/15)

Altars:

Annotations:
D:2 Sigmund


Innate Abilities, Weirdness & Mutations

You have extremely sharp teeth.
Your natural rate of healing is unusually fast.
When hurt, damage is shared between your health and your magic reserves.
Your bite disrupts and absorbs the magic of your enemies.
Potions cannot restore your health.


Message History

You hit Sigmund. You bite Sigmund.
Sigmund's magic leaks into the air.
You drain his magic.
You feel invigorated.
Sigmund is heavily wounded.
Sigmund barely misses you.
Unknown command.
You closely miss Sigmund. You bite Sigmund, but do no damage.
Sigmund is heavily wounded.
Unknown command.
You hit Sigmund.
Sigmund is heavily wounded.
Sigmund barely misses you.
Unknown command.
You closely miss Sigmund.
Sigmund is heavily wounded.
Unknown command.
You hit Sigmund but do no damage. You drain Sigmund. Your bite misses Sigmund.
Sigmund is severely wounded.
Sigmund gestures wildly while chanting.
Sigmund flickers and vanishes!
Deactivating autopickup; reactivate with Ctrl-A.
Unknown command.
No target in view!
Unknown command.
No target in view!
Unknown command.
No target in view!
You closely miss something. Something hits you but does no damage.
You hit something but do no damage. Your bite misses something.
You miss something. You bite something. You hit something.
Nothing appears to happen.
You closely miss something. Your bite misses something.
Something hits you but does no damage. Something hits you.
A shower of butterflies erupts from you!
Something hits you!
You miss something. Your bite misses something. You barely miss something.
Something hits you!
Ouch! That really hurt!
You die...
Xom yawns loudly!

#..# ####..# # #.. ..#
# #. #.# #.##### .#
.#.. #.# #.#...####..#
#.#..###.###..b!b......
......#...##.......#
#..........{@....#
.....##...##.b.....#
..##. ##.####.....##
#.###.#####...##
#.<.............
###############.# .# #


There were no monsters in sight!

Vanquished Creatures
  3 endoplasms (D:1)
  2 goblins (D:1)
  A hobgoblin (D:1)
  2 kobolds (D:1)
  3 quokkas (D:1)
  5 ball pythons
  2 bats (D:1)
  2 frilled lizards (D:1)
  2 rats (D:1)
22 creatures vanquished.

Notes
Turn   | Place    | Note
-------+----------+-------------------------------------------
     0 | D:1      | Xavori the Vine Stalker Chaos Knight began the quest for
                  | the Orb.
     0 | D:1      | Reached XP level 1. HP: 11/11 MP: 2/2
   373 | D:1      | Reached XP level 2. HP: 16/16 MP: 3/3
   582 | D:1      | XOM: noise
   954 | D:2      | Noticed Sigmund
   979 | D:2      | XOM: butterfly on damage
   982 | D:2      | Slain by Sigmund

Illustrated notes

Levels and vault maps discovered:
D:1:      nicolae_arrival_somewhat_less_tricky_arrival, layout_basic,
          st_stairs_9
D:2:      layout_loops_ring, uniq_sigmund

Skill      XL: |  1  2 |
---------------+-------+-----
Fighting       | 3 |  3.1
Short Blades   | 3 |  3.1
Armour         | |  1.6
Dodging        | |  0.9

Action                     || total
---------------------------++-------
  Melee: Short sword       ||    66
         Bite              ||     9
         Punch             ||     1
   Stab: Sleeping          ||     1
 Armour: Leather armour    ||    27
  Dodge: Dodged            ||    32
